 Dungeon Crawl Stone Soup version 0.25.1-9-gc5326a611f (webtiles) character file.

Game seed: 16417196819422569527

29095 RETERIOR the Markscentaur (level 13, -8/119 HPs)
             Began as a Centaur Hunter on Jan 3, 2021.
             Was the Champion of Qazlal.
             Mangled by a merfolk
             ... wielding a +0 trident
              (19 damage)
             ... on level 2 of the Shoals.
             The game lasted 01:05:44 (17799 turns).

RETERIOR the Markscentaur (Centaur Hunter)         Turns: 17799, Time: 01:05:45

Health: -8/119     AC: 12    Str: 17    XL:     13   Next: 13%
Magic:  12/12      EV: 13    Int: 10    God:    Qazlal [******]
Gold:   569        SH:  8    Dex: 25    Spells: 11/13 levels left

rFire    . . .     SeeInvis +   a - +6 shortbow
rCold    . . .     Gourm    .   (shield currently unavailable)
rNeg     + + .     Faith    .   p - +1 leather armour "Fimoyrul" {-Tele MR+ Dex+10}
rPois    .         Spirit   .   u - +1 hat
rElec    .         Reflect  .   n - +1 cloak
rCorr    .         Harm     .   (no gloves)
MR       ++...     NoTele   +   (no barding)
Stlth    +.........             (no amulet)
HPRegen  0.29/turn              l - ring of protection from magic
MPRegen  0.13/turn              I - ring "Inasan" {*Contam +Fly rN++ SInv}

@: lethally poisoned (-8 -> -28), protected from physical damage, invisible,
repel missiles, very quick
A: large, hooves 3, agile 1, deformed body, speed 2, low mp 1, tough skin 3,
MP-powered wands
a: Upheaval, Elemental Force, Disaster Area, Renounce Religion, Evoke Flight


You were on level 2 of the Shoals.
You worshipped Qazlal.
Qazlal was exalted by your worship.
You were not hungry.

You visited 4 branches of the dungeon, and saw 16 of its levels.

You collected 873 gold pieces.
You spent 304 gold pieces at shops.

Inventory:

Hand Weapons
 a - a +6 shortbow (weapon)
 b - a +0 short sword
 m - a +3 quarterstaff of chaos
 r - a +3 dagger
 s - a +2 dagger of chaos
 t - a +0 fustibalus
 w - a cursed -1 short sword
 O - the +7 Spriggan's Knife {stab, EV+4 Stlth+}
   (You found it on level 2 of the Lair of Beasts)

   It affects your evasion (+4).
   It makes you more stealthy.
Missiles
 d - 86 arrows (quivered)
 E - 40 bolts
 H - 9 poisoned darts
Armour
 c - a +1 leather armour
 n - a +1 cloak (worn)
 p - the +1 leather armour "Fimoyrul" (worn) {-Tele MR+ Dex+10}
   (You bought it in a shop on level 7 of the Dungeon)

   It affects your dexterity (+10).
   It affects your resistance to hostile enchantments.
   It prevents most forms of teleportation.
 u - a +1 hat (worn)
Jewellery
 l - a ring of protection from magic (left hand)
 y - an uncursed ring of magical power
 C - an uncursed ring of poison resistance
 I - the ring "Inasan" (right hand) {*Contam +Fly rN++ SInv}
   (You found it on level 2 of the Lair of Beasts)

   [ring of see invisible]

   It greatly protects you from negative energy.
   It lets you see invisible.
   It lets you fly.
   It causes magical contamination when unequipped.
Wands
 g - a wand of iceblast (6)
 h - a wand of random effects (34)
 A - a wand of acid (10)
 D - a wand of clouds (11)
 F - a wand of disintegration (10)
Scrolls
 e - 3 scrolls of amnesia
 i - 13 scrolls of remove curse
 o - 4 scrolls of identify
 q - 3 scrolls of fear
 x - a scroll of random uselessness
 z - 2 scrolls of blinking
 B - 7 scrolls of teleportation
Potions
 j - a potion of brilliance {unknown}
 k - 2 potions of flight
 v - 3 potions of degeneration
 G - a potion of stabbing
 J - 3 potions of haste
 M - a potion of mutation
 N - 2 potions of might {unknown}
Comestibles
 f - 12 rations


   Skills:
 + Level 12.9 Fighting
 * Level 19.1 Bows
 + Level 0.2 Throwing
 + Level 4.9 Armour
 + Level 4.1 Dodging
 + Level 3.1 Stealth
 + Level 0.6 Spellcasting
 + Level 0.2 Invocations


You had 11 spell levels left.
You knew the following spells:

 Your Spells              Type           Power        Failure   Level  Hunger
a - Foxfire               Conj/Fire      #...         38%         1    ##.....
b - Infusion              Chrm           #...         38%         1    ##.....

Your spell library contained the following spells:

 Spells                   Type           Power        Failure   Level  Hunger
 Freeze                   Ice            #...         38%         1    ##.....
 Summon Small Mammal      Summ           #...         38%         1    ##.....
 Song of Slaying          Chrm           #.......     52%         2    ###....
 Call Imp                 Summ           #.......     54%         2    ###....
 Shroud of Golubria       Chrm/Tloc      #.....       54%         2    ###....
 Call Canine Familiar     Summ           #.......     77%         3    ####...
 Conjure Flame            Conj/Fire      #.......     77%         3    ####...
 Frozen Ramparts          Ice            #.....       77%         3    ####...
 Inner Flame              Hex/Fire       #.......     77%         3    ####...
 Ozocubu's Armour         Chrm/Ice       #.......     77%         3    ####...
 Spectral Weapon          Hex/Chrm       #.......     77%         3    ####...
 Summon Guardian Golem    Hex/Summ       #.......     77%         3    ####...
 Hailstorm                Conj/Ice       #.......     99%         4    #####..
 Sticky Flame             Conj/Fire      #.......     99%         4    #####..
 Summon Ice Beast         Ice/Summ       #.......     99%         4    #####..
 Summon Lightning Spire   Summ/Air       #.......     99%         4    #####..
 Fireball                 Conj/Fire      #.........   100%        5    ######.


Dungeon Overview and Level Annotations

Branches:
Dungeon (10/15)            Temple (1/1) D:4            Lair (3/6) D:10
 Shoals (2/4) Lair:2
  Snake: Lair:2-4    Spider: Lair:2-4       Orc: D:9-12

Altars:
Ashenzari
Cheibriados
Dithmenos
Elyvilon
Fedhas
Gozag
Hepliaklqana
Kikubaaqudgha
Makhleb
Nemelex Xobeh
Okawaru
Qazlal
Ru
Sif Muna
Trog
Uskayaw
Vehumet
Wu Jian
Xom
Yredelemnul
Zin
The Shining One

Shops:
D:6 ?   D:7 [   D:9 :

Annotations:
Shoals:2 1 runed translucent door, Vomieg's ghost, adept DsGl


Innate Abilities, Weirdness & Mutations

You have hooves in place of feet.
Armour fits poorly on your strangely shaped body.
You cover ground very quickly.
You have extremely tough skin. (AC +3)
You are agile. (Dex +2)
Your magical capacity is low. (-10% MP)
You expend magic power (3 MP) to strengthen your wands.


Message History

* * * LOW HITPOINT WARNING * * *
You feel sick.
The wind drake is struck by lightning.
The wind drake bites you but does no damage.
You block the merfolk's attack.
* * * LOW HITPOINT WARNING * * *
You feel sick.
You hear an angry hiss.
You hear a screech!
The wind drake barely misses you.
The merfolk avatar chants a haunting song.
You resist with almost no effort.
Really attack while wielding your +6 shortbow? [Y]es or [N]o only, please.
Really attack while wielding your +6 shortbow?
Okay, then.
You fade into invisibility!
* * * LOW HITPOINT WARNING * * *
You feel sick.
The wind drake bites you but does no damage.
The merfolk hits you with a +0 trident!!
You die...

≈≈≈≈≈≈≈≈≈≈≈≈≈..
≈≈≈≈≈≈≈≈≈≈≈≈≈≈..
≈≈≈≈≈≈≈≈≈≈≈≈≈.....
≈≈≈≈≈≈≈≈≈≈≈≈≈...≈≈
≈≈≈≈≈≈≈≈≈.......≈.
≈≈≈m≈≈≈(°≈..##..≈.
≈≈≈≈≈≈☼☼(≈......≈≈
≈≈≈≈≈°○(k§○....≈≈≈
≈≈≈≈≈≈≈.@t........
≈≈≈≈≈°°°.m......≈.
≈≈≈≈≈###.......(≈≈
≈≈≈≈##W#..(.(...≈≈
≈≈≈≈#.(+...).(..≈.
≈≈≈ ##)#....c.....
≈≈ ###......c...
.......c..(.
..........(.≈


You could see an alligator snapping turtle (slow), a merfolk avatar, a wind
drake (repels missiles), a merfolk and 3 fauns.

Vanquished Creatures
  A merfolk impaler (Shoals:1)
  3 hydras
  A merfolk avatar (Shoals:1)
  A two-headed ogre (D:9)
  A catoblepas (Lair:3)
  3 sea snakes
  2 harpies
  3 manticores
  5 fauns
  5 elephants (Lair:2)
  Joseph (D:7)
  3 merfolk sirens (Shoals:1)
  A gargoyle (D:10)
  2 spiny frogs (Lair:3)
  A rime drake (Lair:1)
  5 komodo dragons
  A polar bear (Lair:3)
  Grinder (D:3)
  5 merfolk (Shoals:1)
  A wind drake (Shoals:1)
  3 hippogriffs
  3 spriggans
  A water elemental (Shoals:1)
  22 yaks
  2 wyverns
  Grum (D:9)
  A basilisk (Lair:1)
  Menkaure (D:7)
  5 water moccasins
  A porcupine (Lair:2)
  2 sky beasts (D:9)
  2 necrophages
  2 black bears (Lair:3)
  A phantom (D:8)
  2 ice beasts
  8 ogres
  3 wolves (Lair:3)
  8 centaurs
  2 crocodiles
  2 big kobolds (D:8)
  Blork the orc (D:5)
  A wyvern zombie (D:8)
  14 bullfrogs
  6 scorpions
  A water moccasin skeleton (D:5)
  3 killer bees (D:8)
  5 wights (D:9)
  2 howler monkeys (D:4)
  8 crimson imps
  A gnoll shaman (D:9)
  11 hounds
  3 jellies
  2 orc wizards
  3 centaur skeletons
  2 orc priests
  2 bullfrog skeletons
  Crazy Yiuf (D:3)
  3 iguanas
  12 worker ants
  A hound zombie (D:4)
  2 hound skeletons
  Robin (D:3)
  A worker ant zombie (D:8)
  7 adders
  8 gnolls (D:9)
  2 shadow imps
  An ooze (D:6)
  An adder skeleton (D:4)
  6 worms
  4 dart slugs
  3 leopard geckos
  21 orcs
  11 giant cockroaches
  26 goblins
  14 hobgoblins
  16 jackals
  4 quokkas
  2 ball pythons
  8 bats
  2 frilled lizards
  2 jackal zombies
  20 kobolds
  A leopard gecko skeleton (D:7)
  A quokka skeleton (D:4)
  12 rats
376 creatures vanquished.

Vanquished Creatures (others)
  2 fungi (Lair:3)
  3 plants
5 creatures vanquished.

Grand Total: 381 creatures vanquished

Notes
Turn   | Place    | Note
-------+----------+-------------------------------------------
     0 | D:1      | RETERIOR the Centaur Hunter began the quest for the Orb.
     0 | D:1      | Reached XP level 1. HP: 17/17 MP: 1/1
   194 | D:1      | Reached XP level 2. HP: 11/24 MP: 2/2
   245 | D:1      | Reached skill level 6 in Bows
   535 | D:1      | Reached XP level 3. HP: 21/29 MP: 3/3
  1161 | D:2      | Found a bloodstained altar of Trog.
  1161 | D:2      | Found a shadowy altar of Dithmenos.
  1173 | D:2      | Found a burning altar of Makhleb.
  1176 | D:2      | Found a faded altar of an unknown god.
  1178 | D:2      | Found a faded altar of an unknown god.
  1204 | D:2      | Became a worshipper of Qazlal Stormbringer
  1204 | D:2      | Reached * piety under Qazlal
  1355 | D:2      | Found an ancient bone altar of Kikubaaqudgha.
  1579 | D:2      | Reached XP level 4. HP: 36/36 MP: 4/4
  1979 | D:2      | Found a radiant altar of Vehumet.
  2004 | D:2      | Reached skill level 7 in Bows
  2327 | D:2      | Found an opulent altar of Gozag.
  2327 | D:2      | Found a shattered altar of Ashenzari.
  2720 | D:3      | Reached ** piety under Qazlal
  2735 | D:3      | Reached XP level 5. HP: 16/42 MP: 5/5
  3277 | D:3      | Noticed Robin
  3285 | D:3      | Killed Robin
  3285 | D:3      | Reached skill level 8 in Bows
  3289 | D:3      | Reached *** piety under Qazlal
  3485 | D:3      | Noticed Grinder
  3498 | D:3      | Killed Grinder
  3498 | D:3      | Reached skill level 9 in Bows
  3498 | D:3      | Reached XP level 6. HP: 48/50 MP: 6/6
  3798 | D:3      | Found a runed translucent door.
  3798 | D:3      | Noticed Crazy Yiuf
  3810 | D:3      | Killed Crazy Yiuf
  3961 | D:3      | Found an iron altar of Okawaru.
  4103 | D:4      | Reached skill level 10 in Bows
  4103 | D:4      | Reached skill level 1 in Armour
  4103 | D:4      | Reached XP level 7. HP: 57/57 MP: 7/7
  4146 | D:4      | Found a staircase to the Ecumenical Temple.
  4161 | Temple   | Entered the Ecumenical Temple
  4594 | D:4      | Reached skill level 11 in Bows
  4679 | D:4      | Reached **** piety under Qazlal
  4693 | D:4      | Found a shimmering altar of Xom.
  4714 | D:4      | Reached XP level 8. HP: 55/63 MP: 8/8
  5188 | D:4      | Found an ornate altar of the Wu Jian Council.
  5238 | D:5      | Entered Level 5 of the Dungeon
  5245 | D:5      | Reached skill level 12 in Bows
  5246 | D:5      | Noticed Blork the orc
  5256 | D:5      | Killed Blork the orc
  5260 | D:5      | Reached skill level 1 in Stealth
  5416 | D:5      | Found a blossoming altar of Fedhas.
  5735 | D:5      | Reached skill level 13 in Bows
  5855 | D:5      | HP: 3/65 [centaur/arrow (8)]
  6660 | D:6      | Found Rewadeaw's Magic Scroll Emporium.
  6706 | D:6      | Bought a scroll of teleportation for 36 gold pieces
  6706 | D:6      | Bought a scroll of identify for 24 gold pieces
  6706 | D:6      | Bought a scroll of identify for 24 gold pieces
  6706 | D:6      | Bought a scroll of identify for 24 gold pieces
  7311 | D:6      | Gained mutation: Your magical capacity is low. (-10% MP)
                  | [potion of mutation]
  7311 | D:6      | Gained mutation: You are agile. (Dex +2) [potion of
                  | mutation]
  7311 | D:6      | Gained mutation: You expend magic power (3 MP) to
                  | strengthen your wands. [potion of mutation]
  7514 | D:7      | Noticed Menkaure
  7522 | D:7      | Killed Menkaure
  7522 | D:7      | Reached skill level 14 in Bows
  7522 | D:7      | Reached XP level 9. HP: 37/71 MP: 8/8
  7531 | D:7      | Learned a level 1 spell: Foxfire
  7942 | D:7      | Found Caop's Antique Armour Emporium.
  7950 | D:7      | Bought a bloodstained leather armour for 196 gold pieces
  7950 | D:7      | Identified the +1 leather armour "Fimoyrul" {-Tele MR+
                  | Dex+10} (You bought it in a shop on level 7 of the Dungeon)
  7969 | D:7      | Noticed Joseph
  7987 | D:7      | Killed Joseph
  7987 | D:7      | Reached skill level 5 in Fighting
  8865 | D:8      | Reached ***** piety under Qazlal
  9188 | D:8      | Reached XP level 10. HP: 83/87 MP: 9/9
  9377 | D:8      | Found a glowing silver altar of Zin.
  9959 | D:9      | Found a sacrificial altar of Ru.
  9979 | D:9      | Noticed a two-headed ogre
  9987 | D:9      | Killed a two-headed ogre
 10095 | D:9      | Learned a level 1 spell: Infusion
 10600 | D:9      | Found Xacsahev's Book Shop.
 10670 | D:9      | Noticed Grum
 10678 | D:9      | Reached skill level 10 in Fighting
 10690 | D:9      | Killed Grum
 10900 | D:9      | Found a shimmering blue altar of Sif Muna.
 11094 | D:10     | Entered Level 10 of the Dungeon
 11129 | D:10     | Noticed a gargoyle
 11142 | D:10     | Killed a gargoyle
 11236 | D:10     | Found a staircase to the Lair.
 11277 | Lair:1   | Entered Level 1 of the Lair of Beasts
 11342 | Lair:1   | Noticed a seven-headed hydra
 11348 | Lair:1   | Reached XP level 11. HP: 98/99 MP: 10/10
 11356 | Lair:1   | Killed a seven-headed hydra
 11356 | Lair:1   | Reached skill level 15 in Bows
 11548 | Lair:1   | Reached ****** piety under Qazlal
 11801 | Lair:1   | Reached skill level 16 in Bows
 12676 | Lair:2   | Noticed a five-headed hydra
 12687 | Lair:2   | Killed a five-headed hydra
 12874 | Lair:2   | Found a staircase to the Shoals.
 12891 | Lair:2   | Got a fine iron ring
 12894 | Lair:2   | Found the +7 Spriggan's Knife {stab, EV+4 Stlth+}
 12895 | Lair:2   | You fall into a shaft and drop 1 floor!
 13017 | Lair:3   | Noticed a six-headed hydra
 13025 | Lair:3   | Killed a six-headed hydra
 13103 | Lair:3   | Reached skill level 17 in Bows
 13151 | Lair:3   | Reached XP level 12. HP: 62/110 MP: 11/11
 13573 | Lair:3   | Noticed a catoblepas
 13604 | Lair:3   | Killed a catoblepas
 14047 | Lair:3   | Identified the ring "Inasan" {*Contam +Fly rN++ SInv} (You
                  | found it on level 2 of the Lair of Beasts)
 14945 | Shoals:1 | Entered Level 1 of the Shoals
 14961 | Lair:2   | Reached skill level 18 in Bows
 15485 | Shoals:1 | Noticed a merfolk avatar
 15804 | Shoals:1 | Killed a merfolk avatar
 16459 | Shoals:1 | Noticed a merfolk impaler
 16475 | Shoals:1 | Killed a merfolk impaler
 16485 | Shoals:1 | Reached XP level 13. HP: 53/119 MP: 12/12
 16768 | Shoals:1 | Reached skill level 19 in Bows
 17602 | Shoals:2 | Found a runed translucent door.
 17602 | Shoals:2 | Found a shimmering altar of Xom.
 17602 | Shoals:2 | Identified the +7 rapier of Chaos {chaos, +Blink +Fly Str-4
                  | SInv}
 17603 | Shoals:2 | Noticed Vomieg's ghost (adept DsGl)
 17799 | Shoals:2 | Mangled by a merfolk

Illustrated notes

Levels and vault maps discovered:
D:1:      minmay_arrival_widening_spiral_wide, layout_rooms
D:2:      layout_basic, lemuel_crystal_altar,
          chequers_temple_overflow_minitemple, nicolae_overflow_hidden_temple,
          gammafunk_temple_overflow_elements, first_ration
D:3:      layout_loops_cross, bh_chokoban, kennysheep_okawaru_gauntlet,
          uniq_robin, uniq_crazy_yiuf_cottage, uniq_grinder
D:4:      layout_loops_ring, marbit_many_paths,
          minmay_temple_entry_glassed_door, led_xom_imps
D:5:      kb_forest_paths, layout_basic, fedhas_altar_3, uniq_blork_the_orc
D:6:      layout_cave_pools, serial_shops, shop_coins, corexii_hall_statues_i
D:7:      layout_cave_pods, serial_shops, shop, uniq_joseph, uniq_menkaure
D:8:      layout_basic, kennysheep_mini, grunt_pizzeria
D:9:      layout_cave_pools, kennysheep_little_box, serial_gnoll_camp,
          grums_kennel, gnoll_camp_mini_doghouse, gnoll_camp_mini_basic,
          gnoll_camp_mini_shop, nicolae_ru_great_annihilating_truth
D:10:     layout_long_grid, lair_entry_dummy, zombieorc1_lemuel,
          chequers_hall_statues_wall_a
Temple:   minmay_temple_curvy_loop
Lair:1:   layout_cave_pods, hibernation_bobbens, grunt_megastairs_4
Lair:2:   lemuel_ratsnest, layout_cave_pods, elwin_shoals_entry_rocks,
          nicolae_spider_entry_non_spiders
Lair:3:   layout_long_grid, chequers_serial_rivers_room_a, st_stairs_8,
          forest_entry_grove, serial_bayou_shore_b
Shoals:1: layout_shoals
Shoals:2: layout_shoals, ebering_ghost_xom

Skill      XL: |  1  2  3  4  5  6  7  8  9 10 11 12 13 |
---------------+----------------------------------------+-----
Bows           | 6 7 9 10 11 14 17 18 19 | 19.1
Fighting       | 3 4 8 10 11 12 | 12.9
Armour         | 1 3 4 |  4.9
Stealth        | 1 2 3 |  3.1
Dodging        | 2 3 4 |  4.1
Throwing       | |  0.2
Spellcasting   | |  0.6
Invocations    | |  0.2

Action                   |  1- 3 |  4- 6 |  7- 9 | 10-12 | 13-15 || total
-------------------------+-------+-------+-------+-------+-------++-------
Melee: Shortbow          |       |       |     2 |       |       ||     2
 Fire: Shortbow          |   118 |   180 |   359 |   770 |    33 ||  1460
Throw: Dart              |       |       |       |     2 |       ||     2
 Cast: Infusion          |       |       |       |     2 |       ||     2
Invok: Upheaval          |       |       |       |     1 |       ||     1
  Use: Scroll            |       |     7 |    12 |     5 |     1 ||    25
       Potion            |       |       |     7 |     3 |     2 ||    12
  Eat: Ration            |     1 |       |     3 |     5 |     1 ||    10
       Chunk             |       |     3 |     1 |     1 |       ||     5
Armor: Leather armour    |    21 |    29 |    20 |    82 |     9 ||   161
Dodge: Dodged            |    42 |    37 |    47 |   116 |    28 ||   270
       Repelled          |       |       |    15 |    14 |     6 ||    35
Block: Other             |       |    10 |    27 |   111 |    14 ||   162
